 Dungeon Crawl Stone Soup version 0.30-a0-50-gb2d611f6b1 (webtiles) character file.

Game seed: 7485610948704001753

9694 ytrimaz the Fighter (level 11, -10/100 HPs)
             Began as a Formicid Fighter on Sept 4, 2022.
             Was a High Priest of Okawaru.
             Mangled by Erolcha
             ... wielding a +0 giant spiked club
              (16 damage)
             ... on level 9 of the Dungeon.
             The game lasted 00:13:56 (9702 turns).

ytrimaz the Fighter (Formicid Fighter)              Turns: 9702, Time: 00:13:57

Health: -10/100    AC: 10    Str: 29    XL:     11   Next: 79%
Magic:  11/11      EV: 17    Int:  7    God:    Okawaru [*****.]
Gold:   350        SH:  0    Dex: 12    Spells: 10/10 levels left

rFire   + + .      SeeInvis .    (weapon currently unavailable)
rCold   + + .      Faith    .    (shield currently unavailable)
rNeg    + + +      Spirit   .    (body armour currently unavailable)
rPois   ∞          Reflect  .    (helmet unavailable)
rElec   +          Harm     .    (cloak currently unavailable)
rCorr   +          Rampage  .    (gloves currently unavailable)
Will    +....                    (boots currently unavailable)
Stlth   +.........               (amulet currently unavailable)
HPRegen 0.26/turn                (ring currently unavailable)
MPRegen 0.12/turn                (ring currently unavailable)

@: mighty, wisp-form, flying
A: insubstantial, flying, no casting, permanent stasis, dig shafts and tunnels,
tiny, (antennae 3), four strong arms, (poison resistance), strong 1, MP-powered
wands
a: Renounce Religion, Heroism, Finesse, Duel


You were on level 9 of the Dungeon.
You worshipped Okawaru.
Okawaru was extremely pleased with you.
You were an insubstantial wisp.
You visited 2 branches of the dungeon, and saw 10 of its levels.
You also visited: Ossuary.

You collected 350 gold pieces.


Innate Abilities, Weirdness & Mutations

You are an insubstantial wisp.
Your tiny insubstantial body is highly resistant to most damage types.
You are flying.
Your equipment is entirely melded.
You are incapable of wielding weapons or throwing items.
You cannot cast spells.
You cannot be hasted, slowed, berserked, paralysed or teleported.
You can dig through walls and to a lower floor.
((You have a pair of large antennae on your head. (SInv)))
Your four strong arms can wield two-handed weapons with a shield.
((Your system is resistant to poisons. (rPois)))
Your muscles are strong. (Str +4, Int/Dex -1)
You expend magic power (3 MP) to strengthen your wands.


   Skills:
 + Level 14.0 Fighting
 + Level 12.7 Axes
 - Level 3.2 Armour
 - Level 4.0 Shields


You had 10 spell levels left.
You didn't know any spells.
Your spell library contained the following spells:

 Spells                   Type           Power      Damage    Failure   Level
 Apportation              Tloc           0%         N/A       43%         1
 Sting                    Tmut/Pois      0%         1d3       43%         1
 Poisonous Vapours        Pois/Air       0%         N/A       56%         2
 Olgreb's Toxic Radiance  Pois           0%         N/A       99%         4
 Alistair's Intoxication  Tmut/Pois      0%         N/A       100%        5
 Animate Dead             Necr           Unusable   N/A       N/A         4
 Haunt                    Necr/Summ      Unusable   N/A       N/A         7
 Infestation              Necr           Unusable   N/A       N/A         8

Inventory:

Hand Weapons
 a - a +0 war axe of protection (melded)
 p - a +5 battleaxe
   (You took it off a wight on level 8 of the Dungeon)
 w - a +1 war axe
   (You took it off a wight on level 6 of the Dungeon)
 z - a +5 hand axe
   (You took it off a wight on level 6 of the Dungeon)
Missiles
 v - 4 throwing nets
Armour
 b - the +3 pair of mountain boots (melded) {steadfast, rC+}
   (You acquired it on level 2 of the Dungeon)

   It prevents involuntary movement, except for blinking, teleportation, or
   banishment.
   rC:        It protects you from cold.
 c - a +0 buckler (melded)
 g - a scarf of repulsion (melded)
   (You found it on level 1 of the Dungeon)
 j - a +0 chain mail (melded)
   (You found it on level 1 of the Dungeon)
 y - a +2 cloak
   (You found it on level 5 of the Dungeon)
 C - +1 steam dragon scales
   (You took it off Maggie on level 7 of the Dungeon)
Jewellery
 m - a +4 ring of slaying (melded)
   (You found it on level 2 of the Dungeon)
Wands
 e - a wand of mindburst (9)
   (You found it on level 8 of the Dungeon)
 n - a wand of digging (3)
   (You found it on level 2 of the Dungeon)
 u - a wand of paralysis (15)
   (You took it off Pikel on level 7 of the Dungeon)
 x - a wand of light (9)
   (You found it on level 5 of the Dungeon)
Scrolls
 h - 2 scrolls of amnesia
 l - 2 scrolls of magic mapping
 A - a scroll of enchant weapon
Potions
 d - a potion of might
 f - 3 potions of brilliance
 i - a potion of curing
 k - 2 potions of heal wounds
 o - a potion of lignification {unknown}
 q - 3 potions of magic
 r - a potion of ambrosia {unknown}
 s - 2 potions of flight {unknown}
 t - a potion of mutation

Dungeon Overview and Level Annotations

Branches:
Dungeon (9/15) Zot: 25899  Temple (1/1) D:7 Zot: 5959    Lair (0/5) D:9
Ossuary (visited)
    Orc: D:9-12

Altars:
Ashenzari
Cheibriados
Dithmenos
Elyvilon
Fedhas
Gozag
Kikubaaqudgha
Makhleb
Nemelex Xobeh
Okawaru
Qazlal
Ru
Sif Muna
Trog
Uskayaw
Vehumet
Wu Jian
Xom
Zin
The Shining One

Shops:
D:2 [   D:4 =   D:5 !

Annotations:
D:5 3 runed translucent doors, Adrian566's ghost, novice HOMo
D:6 1 runed translucent door, Adrian566's ghost, novice HOMo
D:7 1 runed translucent door
D:8 3 runed translucent doors, xian's ghost, novice DEAE
D:9 Erolcha

[. #.. .. )##.. ...
####### .... ..# #......
... ##.. #.##### .. ..#
#.# .##.. #####.##### #..#
#.........# #.)#
#.###.###.# ####v##
#.#...# #.# ..#)# #.#.###
#.# #.#)# #.#.# #.# #.#.#
#.#.#####.# #...#
#.........# #.###
###.##.####
#.#####..#########.#...###
#.........................
#.##.#.}.#..#####......###


There were no monsters in sight!


Message History

You slice the hornet!!
You kill the hornet!
Okawaru accepts your kill.
You slice the centaur warrior!!
The centaur warrior hits you but does no damage.
The centaur warrior kicks you but does no damage.
Unknown command.
You slice the centaur warrior!!
You kill the centaur warrior!
Okawaru is honoured by your kill. 😨 HP[+1]
You miss the bullfrog.
The bullfrog hits you but does no damage.
Erolcha screams, "DIE!"
The bullfrog closely misses you.
Unknown command.
You slash the bullfrog!
The bullfrog hits you but does no damage.
You barely miss the bullfrog.
The bullfrog hits you but does no damage.
You block the bullfrog's attack.
Unknown command.
You hit the bullfrog.
The bullfrog hits you but does no damage. 😨 HP[+1]
You slash the bullfrog!
You kill the bullfrog!
Okawaru accepts your kill.
Unknown command.
You slice the troll like a ripe choko!!!
You slice the troll!!
You kill the troll!
Okawaru accepts your kill.
Erolcha mumbles some strange words.
Erolcha blinks!
The orc warrior shoots a bolt.
The bolt is repelled.
Unknown command.
The orc warrior unwields a +0 arbalest.
The orc warrior wields a +0 glaive.
The orc warrior hits you with a +0 glaive.
* * * LOW HITPOINT WARNING * * *
Items here: ( )))) ?? [[ †. 😨 HP[-4]
You take 4 damage, and now have 27/99 hp.
The orc warrior hits you with a +0 glaive.
* * * LOW HITPOINT WARNING * * *
😱 HP[-4]
You take 4 damage, and now have 23/99 hp.
Unknown command.
You slash the orc warrior!
The orc warrior hits you with a +0 glaive!
* * * LOW HITPOINT WARNING * * *
😱 HP[-9]
You take 9 damage, and now have 14/99 hp.
You slice the orc warrior!!
You kill the orc warrior!
Okawaru accepts your kill.
Your Fighting skill increases to level 14!
You now have 100 max hp (+1).
Unknown command.
You feel better.
Erolcha hits you with a +0 giant spiked club!
* * * LOW HITPOINT WARNING * * *
😱 HP[-10]
You take 10 damage, and now have 4/100 hp.
Unknown command.
You feel better. You block Erolcha's attack. 😱 HP[+6]
You regained 6 hp, and now have 10/100 hp.
Unknown command.
You slice Erolcha!! You slash Erolcha!
Erolcha hits you with a +0 giant spiked club.
* * * LOW HITPOINT WARNING * * *
😱 HP[-2]
You take 2 damage, and now have 8/100 hp.
You hit Erolcha. 😱 HP[+1] Unknown command.
You slash Erolcha!
Erolcha zaps a wand.
You turn into an insubstantial wisp.
Your +0 war axe of protection melds into your body.
Your scarf of repulsion melds into your body.
The +3 pair of mountain boots {steadfast, rC+} melds into your body.
Your +0 buckler melds into your body.
Your +0 chain mail melds into your body.
Your +4 ring of slaying melds into your body.
Your +0 war axe of protection goes still.
The haze of the repulsion field disappears.
Unknown command.
Something hits you.
* * * LOW HITPOINT WARNING * * *
Deactivating autopickup; reactivate with Ctrl-A.
Items here: ( )))) ?? [[ †. 😱 HP[-3]
You take 3 damage, and now have 6/100 hp.
Okay, then.
As you read the scroll of identify, it crumbles to dust.
k - 2 potions of heal wounds Something hits you!
You die...

Skill      XL: |  1  2  3  4  5  6  7  8  9 10 11 |
---------------+----------------------------------+-----
Fighting       | 4 5 6 7 8 10 12 14 | 14.0
Axes           | 3 4 5 6 7 9 11 12 | 12.7
Armour         | |  3.2
Shields        | |  4.0

Action                   |  1- 3 |  4- 6 |  7- 9 | 10-12 || total
-------------------------+-------+-------+-------+-------++-------
Melee: War axe           |    86 |   120 |   203 |   259 ||   668
Invok: Heroism           |       |       |       |     4 ||     4
       Finesse           |       |       |       |     1 ||     1
 Abil: Dig               |     1 |       |       |       ||     1
  Use: Potion            |     1 |     4 |     4 |     8 ||    17
       Scroll            |     2 |     5 |     8 |     3 ||    18
Armor: Scale mail        |    20 |       |       |       ||    20
       Chain mail        |    28 |    92 |   138 |   140 ||   398
Dodge: Dodged            |    44 |    64 |    78 |    97 ||   283
       Repelled          |       |       |       |     1 ||     1
Block: Buckler           |    31 |    40 |    60 |    56 ||   187

Levels and vault maps discovered:
D:1:      wander_arrival_desolate, layout_basic, grunt_decor_fettered
D:2:      layout_basic, nicolae_ecumenical_pavilion, serial_shops,
          nicolae_shop_hallway_plus, grunt_ministairs_13
D:3:      layout_basic, minmay_shallow_snake_nest
D:4:      layout_loops_cross, mainiacjoe_overflow_six_doors_small,
          chequers_temple_overflow_minitemple, serial_shops,
          nicolae_shop_competitors_out_of_business, nicolae_ossuary_entry_giza,
          nicolae_wormholes
D:5:      layout_basic, grunt_dithmenos_smoke, gammafunk_ghost_necromancy,
          serial_shops, nicolae_lakefront_shop, kennysheep_another_room
D:6:      layout_loops_cross, kennysheep_mini_moat, ebering_ghost_xom
D:7:      cheibrodos_shockbox, layout_cave_pools, nicolae_uskayaw_dance_hall,
          minmay_temple_entry_junction, uniq_pikel, uniq_maggie
D:8:      layout_basic, grunt_temple_overflow_open, overflow_temple_1_default,
          gammafunk_ghost_hydra_chop
D:9:      minmay_bloctagon, layout_loops_corners,
          nicolae_hepliaklqana_monster_ancestors, due_lair_maze_entry_diamond,
          minmay_orc_entry_guard_dogs, minmay_variable_closet,
          kennysheep_generic_room_15, uniq_joseph, uniq_erolcha
Temple:   hellmonk_temple_of_storms

Notes
Turn   | Place    | Note
-------+----------+-------------------------------------------
     0 | D:1      | ytrimaz the Formicid Fighter began the quest for the Orb.
     0 | D:1      | Reached XP level 1. HP: 18/18 MP: 1/1
     0 | D:1      | magus.rc [v1.9.6]
    29 | D:1      | You add the spells Sting, Poisonous Vapours and Olgreb's
                  | Toxic Radiance to your library.
   204 | D:1      | Reached XP level 2. HP: 18/24 MP: 2/2
   749 | D:1      | Reached XP level 3. HP: 28/30 MP: 3/3
  1076 | D:1      | Reached skill level 4 in Fighting
  1124 | D:2      | Found a faded altar of an unknown god.
  1337 | D:2      | Reached skill level 3 in Axes
  1396 | D:2      | Found Adaw's Antique Armour Emporium.
  1404 | D:2      | Reached XP level 4. HP: 37/37 MP: 4/4
  1466 | D:2      | Gained mutation: You have hidden genetic defects. [potion
                  | of mutation]
  1467 | D:2      | Lost mutation: You have hidden genetic defects. [potion of
                  | mutation]
  1467 | D:2      | Gained mutation: Armour fits poorly on your strangely
                  | shaped body. [potion of mutation]
  1467 | D:2      | Gained mutation: Your muscles are strong. (Str +4, Int/Dex
                  | -1) [potion of mutation]
  1468 | D:2      | Lost mutation: Your muscles are strong. (Str +4, Int/Dex
                  | -1) [potion of mutation]
  1468 | D:2      | Lost mutation: Armour fits poorly on your strangely shaped
                  | body. [potion of mutation]
  1468 | D:2      | Gained mutation: You are weak. (Str -2) [potion of
                  | mutation]
  1468 | D:2      | Gained mutation: You are partially covered in iridescent
                  | scales. (AC +2) [potion of mutation]
  1943 | D:2      | Identified a scroll of acquirement
  1943 | D:2      | Acquired the +3 pair of mountain boots {steadfast, rC+}
  1943 | D:2      | Found the +3 pair of mountain boots {steadfast, rC+}
  2051 | D:3      | Noticed an ice beast
  2058 | D:3      | Killed an ice beast
  2059 | D:3      | Reached skill level 5 in Fighting
  2059 | D:3      | Reached skill level 4 in Axes
  2059 | D:3      | Reached XP level 5. HP: 44/44 MP: 5/5
  2236 | D:3      | You pick up a book of Death and begin reading...
  2236 | D:3      | You add the spells Animate Dead, Haunt and Infestation to
                  | your library.
  2563 | D:3      | Reached XP level 6. HP: 43/51 MP: 6/6
  2777 | D:4      | Found a sand-covered staircase.
  2786 | Ossuary  | Entered an ossuary
  2926 | Ossuary  | Reached skill level 6 in Fighting
  2928 | Ossuary  | HP: 13/52 [elf zombie (2)]
  2931 | Ossuary  | Reached skill level 5 in Axes
  2931 | Ossuary  | Reached XP level 7. HP: 11/58 MP: 7/7
  3389 | D:4      | Found Wakket's Jewellery Shop.
  3403 | D:4      | Found a glowing golden altar of the Shining One.
  3410 | D:4      | Lost mutation: You are weak. (Str -2) [potion of mutation]
  3410 | D:4      | Lost mutation: You are partially covered in iridescent
                  | scales. (AC +2) [potion of mutation]
  3410 | D:4      | Gained mutation: Potions are less effective at restoring
                  | your health. [potion of mutation]
  3410 | D:4      | Gained mutation: Your system is resistant to poisons.
                  | (rPois) [potion of mutation]
  3410 | D:4      | Gained mutation: You are partially covered in iridescent
                  | scales. (AC +2) [potion of mutation]
  3411 | D:4      | Lost mutation: You are partially covered in iridescent
                  | scales. (AC +2) [potion of mutation]
  3411 | D:4      | Lost mutation: Potions are less effective at restoring your
                  | health. [potion of mutation]
  3411 | D:4      | Gained mutation: You expend magic power (3 MP) to
                  | strengthen your wands. [potion of mutation]
  3411 | D:4      | Gained mutation: Your muscles are strong. (Str +4, Int/Dex
                  | -1) [potion of mutation]
  3608 | D:4      | Found a faded altar of an unknown god.
  3608 | D:4      | Found a bloodstained altar of Trog.
  3614 | D:4      | Found an iron altar of Okawaru.
  3616 | D:4      | Found a faded altar of an unknown god.
  3618 | D:4      | Found a blossoming altar of Fedhas.
  3673 | D:4      | Reached skill level 7 in Fighting
  3727 | D:4      | Reached skill level 6 in Axes
  3762 | D:4      | Noticed a water moccasin
  3771 | D:4      | Killed a water moccasin
  3772 | D:4      | Reached XP level 8. HP: 60/67 MP: 8/8
  3951 | D:4      | Became a worshipper of Warmaster Okawaru
  3989 | D:5      | Entered Level 5 of the Dungeon
  4134 | D:5      | Found a shadowy altar of Dithmenos.
  4483 | D:5      | Found a runed translucent gate.
  4484 | D:5      | Found a runed translucent gate.
  4489 | D:5      | Reached skill level 8 in Fighting
  4496 | D:5      | Found a runed translucent gate.
  4503 | D:5      | Reached skill level 7 in Axes
  4515 | D:5      | Reached * piety under Okawaru
  4518 | D:5      | Noticed Adrian566's ghost (novice HOMo)
  5077 | D:5      | Found Telo's Distillery.
  5260 | D:6      | Found a burning altar of Makhleb.
  5492 | D:6      | You pick up a book of Party Tricks and begin reading...
  5492 | D:6      | You add the spells Apportation and Alistair's Intoxication
                  | to your library.
  5546 | D:6      | Reached XP level 9. HP: 67/75 MP: 9/9
  5643 | D:6      | Found a runed translucent door.
  5644 | D:6      | Found a shimmering altar of Xom.
  5644 | D:6      | Noticed a +0 war axe of chaos
  5644 | D:6      | Noticed Adrian566's ghost (novice HOMo)
  5737 | D:6      | Reached skill level 9 in Fighting
  5742 | D:6      | Reached skill level 8 in Axes
  5862 | D:6      | Reached ** piety under Okawaru
  6085 | D:7      | Noticed Pikel
  6099 | D:7      | Killed Pikel
  6100 | D:7      | Reached skill level 10 in Fighting
  6100 | D:7      | Reached skill level 9 in Axes
  6368 | D:7      | Found a staircase to the Ecumenical Temple.
  6376 | D:7      | Found a runed translucent door.
  6383 | D:7      | Reached *** piety under Okawaru
  6387 | D:7      | Reached XP level 10. HP: 67/86 MP: 10/10
  6387 | D:7      | Noticed a sixfirhy
  6505 | D:7      | Noticed Maggie
  6517 | D:7      | Killed Maggie
  6518 | D:7      | Reached skill level 11 in Fighting
  6841 | D:7      | Found a hide-covered altar of Uskayaw.
  6938 | Temple   | Entered the Ecumenical Temple
  7174 | D:8      | Reached skill level 10 in Axes
  7366 | D:8      | Found a runed translucent gate.
  7366 | D:8      | Found a runed translucent gate.
  7368 | D:8      | Found a runed translucent gate.
  7369 | D:8      | Noticed xian's ghost (novice DEAE)
  7377 | D:8      | Noticed a ten-headed hydra
  7501 | D:8      | Found an opulent altar of Gozag.
  7676 | D:8      | Found a broken altar of Ashenzari.
  7678 | D:8      | Found a glowing silver altar of Zin.
  7678 | D:8      | Found an ancient bone altar of Kikubaaqudgha.
  7687 | D:8      | Found a shimmering altar of Xom.
  8005 | D:8      | Reached **** piety under Okawaru
  8481 | D:8      | Reached skill level 12 in Fighting
  8659 | D:9      | Noticed a komodo dragon
  8676 | D:9      | Reached skill level 11 in Axes
  8691 | D:9      | HP: 19/90 [yak (5)]
  8694 | D:9      | Reached XP level 11. HP: 20/96 MP: 3/11
  8698 | D:9      | Reached ***** piety under Okawaru
  8701 | D:9      | Found a staircase to the Lair.
  8714 | D:9      | Noticed Joseph
  8717 | D:9      | HP: 22/97 [Joseph/sling bullet (3)]
  8732 | D:9      | HP: 23/97 [Joseph/+0 quarterstaff (3)]
  8739 | D:9      | Killed Joseph
  8746 | D:9      | Reached skill level 13 in Fighting
  9279 | D:9      | Noticed a two-headed ogre
  9292 | D:9      | Killed a two-headed ogre
  9293 | D:9      | Reached skill level 12 in Axes
  9602 | D:9      | Noticed Erolcha
  9643 | D:9      | Noticed a tengu warrior
  9649 | D:9      | Noticed a centaur warrior
  9666 | D:9      | HP: 24/98 [tengu warrior/+0 vorpal long sword (8)]
  9668 | D:9      | Killed a tengu warrior
  9668 | D:9      | Identified the +3 giant club of Wondrous Power {venom,
                  | Dex+7 SInv} (Okawaru gifted it to you on level 9 of the
                  | Dungeon)
  9668 | D:9      | Received a gift from Okawaru
  9669 | D:9      | HP: 11/98 [killer bee (4)]
  9683 | D:9      | Killed a centaur warrior
  9692 | D:9      | HP: 23/99 [orc warrior/+0 glaive (4)]
  9695 | D:9      | Reached skill level 14 in Fighting
  9695 | D:9      | HP: 4/100 [Erolcha/+0 giant spiked club (16)]
  9701 | D:9      | HP: 6/100 [something (3)]
  9702 | D:9      | Mangled by Erolcha

Vanquished Creatures
  A centaur warrior (D:9)
  A two-headed ogre (D:9)
  A tengu warrior (D:9)
  Pikel (D:7)
  Joseph (D:9)
  A komodo dragon (D:9)
  Maggie (D:7)
  2 trolls (D:9)
  3 hornets
  2 wyverns (D:9)
  4 yaks (D:9)
  2 steam dragons
  4 water moccasins
  3 black bears
  2 sky beasts
  2 ice beasts
  An orc warrior (D:9)
  4 centaurs
  4 bullfrogs
  2 kobold brigands (D:9)
  4 lemures (D:7)
  2 elf zombies (Ossuary)
  2 gnoll sergeants (D:6)
  A necrophage (D:8)
  2 scorpions
  14 wights
  4 jellies
  5 killer bees
  11 howler monkeys
  2 centaur zombies (Ossuary)
  An orc priest (D:8)
  3 hounds
  A gnoll bouda (D:5)
  A human zombie (Ossuary)
  3 iguanas (D:5)
  4 orc wizards
  3 mummies
  10 adders
  11 gnolls
  A shadow imp (D:6)
  2 white imps
  An adder zombie (Ossuary)
  5 worms
  13 orcs
  9 bats
  7 endoplasms
  4 giant cockroaches
  3 goblins
  5 hobgoblins
  8 jackals
  5 quokkas
  9 ball pythons
  2 goblin zombies (Ossuary)
  8 hobgoblin zombies
  A jackal zombie (Ossuary)
  7 kobolds
  5 kobold zombies
  15 orc zombies (Ossuary)
  2 rats
  2 rat zombies (Ossuary)
240 creatures vanquished.

Vanquished Creatures (others)
  25 fungi (D:9)
  20 plants
45 creatures vanquished.

Grand Total: 285 creatures vanquished

Table legend:
 A = Non-vault XP
 B = Vault XP
 C = Vault XP percentage of total XP
 D = Non-vault monster count
 E = Vault monster count
 F = Vault count percentage of total count
                 A         B        C        D         E       F
            +---------+---------+-------+---------+---------+-------
      Total |    6563 |    7286 |  52.6 |     156 |      80 |  33.9
            +---------+---------+-------+---------+---------+-------
        D:1 |      43 |       0 |   0.0 |      25 |       0 |   0.0
        D:2 |      45 |      15 |  25.0 |      12 |       2 |  14.3
        D:3 |     157 |      16 |   9.2 |      17 |       3 |  15.0
        D:4 |     397 |      28 |   6.6 |      13 |       5 |  27.8
        D:5 |     638 |       0 |   0.0 |      21 |       0 |   0.0
        D:6 |     958 |       5 |   0.5 |      21 |       1 |   4.5
        D:7 |     903 |     967 |  51.7 |      17 |       4 |  19.0
        D:8 |    1924 |       0 |   0.0 |      24 |       0 |   0.0
        D:9 |    1498 |    5855 |  79.6 |       6 |      26 |  81.2
    Ossuary |       0 |     400 | 100.0 |       0 |      39 | 100.0
            +---------+---------+-------+---------+---------+-------

Illustrated notes

Table legend:
 A = Kills in this place as a percentage of kills in entire the game.
 B = Kills by you in this place as a percentage of kills by you in the entire game.
 C = Kills by friends in this place as a percentage of kills by friends in the entire game.
 D = Other kills in this place as a percentage of other kills in the entire game.
 E = Experience gained in this place as a percentage of experience gained in the entire game.
 F = Experience gained in this place divided by the number of levels of this place that you have seen.
                   A       B       C       D       E      F
               +-------+-------+-------+-------+-------+----------------------
         Total | 100.0 | 100.0 |   N/A |   N/A | 100.0 | 1259.0
       Dungeon |  83.5 |  83.5 |   N/A |   N/A |  97.1 | 1494.3
       Ossuary |  16.5 |  16.5 |   N/A |   N/A |   2.9 | 400.0
               +-------+-------+-------+-------+-------+----------------------

Table legend: (Time is in decaauts)
 A = Elapsed time spent in this place.
 B = Non-inter-level travel time spent in this place.
 C = Inter-level travel time spent in this place.
 D = Time resting spent in this place.
 E = Time spent auto-exploring this place.
 F = Levels seen in this place.
 G = Mean time per level.
                   A        B        C        D        E       F      G
               +--------+--------+--------+--------+--------+-----+--------+
         Total |   9785 |   9482 |    303 |    108 |   7618 |  11 |  889.5 |
       Dungeon |   9300 |   9003 |    297 |    108 |   7317 |   9 | 1033.3 |
        Temple |     40 |     34 |      6 |      0 |     27 |   1 |   40.0 |
       Ossuary |    443 |    443 |      0 |      0 |    274 |   1 |  443.0 |
               +--------+--------+--------+--------+--------+-----+--------+

Top non-repeatable levels by time:
     D:8: 1586 daAuts
     D:5: 1171 daAuts
     D:1: 1148 daAuts
     D:9: 1099 daAuts
     D:6: 936 daAuts
     D:4: 923 daAuts
     D:2: 895 daAuts
     D:7: 879 daAuts
     D:3: 659 daAuts
 Ossuary: 443 daAuts
  Temple: 40 daAuts
